[Event "Titled Tuesday Blitz August 22 Late 2023"]
[White "Hambleton, Aman"]
[Black "Serban, Cristian-Stefan"]
[WhiteFideId "2606577"]
[BlackFideId "1241443"]
[WhiteElo "2807"]
[BlackElo "2446"]
[Result "0-1"]
[Round "1"]
[TimeControl "180+1"]
[Date "2023.08.22"]
[WhiteClock "0:00:01"]
[BlackClock "0:00:36"]
[Board "68"]

1. d4 Nf6 2. Bf4 c5 3. e3 Qb6 4. Nc3 a6 5. a3 e6 6. Nf3 d5 7. Bd3 c4 8. Be2 Qxb2 9. Na4 Qb5 10. Nc5 Bxc5 11. dxc5 Qxc5 12. O-O Nc6 13. Ne5 O-O 14. Nxc6 Qxc6 15. Qd4 Ne4 16. Bf3 Nd6 17. a4 Nf5 18. Qc3 Bd7 19. Rfe1 Qc5 20. e4 d4 21. Qd2 Ne7 22. a5 e5 23. Bg3 Nc6 24. c3 d3 25. Bh4 Nxa5 26. Qg5 Nb3 27. Rad1 a5 28. Bg3 f6 29. Qh5 a4 30. Bg4 Bxg4 31. Qxg4 Qe7 32. f4 a3 33. fxe5 fxe5 34. h4 a2 35. Kh2 a1=Q 36. Rxa1 Rxa1 37. Rxa1 Nxa1 38. h5 Nc2 39. h6 Ne3 40. Qh5 Nf1+ 41. Kg1 Nxg3 42. Qg4 d2 43. Qd1 Rf1+ 44. Kh2 Rxd1 45. hxg7 Qh4# 0-1


[Site "https://www.chess.com"]

[Event "Titled Tuesday Blitz August 22 Late 2023"]
[White "Semenenko, Dmytry"]
[Black "Bauman_Guy"]
[WhiteFideId "14118645"]
[WhiteElo "2445"]
[BlackElo "2804"]
[Result "0-1"]
[Round "1"]
[TimeControl "180+1"]
[Date "2023.08.22"]
[WhiteClock "0:00:00"]
[BlackClock "0:00:54"]
[Board "69"]

1. Nf3 d5 2. c4 c6 3. e3 Nf6 4. Nc3 g6 5. d4 Bg7 6. Bd3 O-O 7. O-O a6 8. Ne5 Nbd7 9. f4 e6 10. b3 Re8 11. Bb2 c5 12. cxd5 exd5 13. Rc1 b5 14. Ne2 c4 15. Bb1 Bb7 16. Ng3 Rc8 17. f5 Ne4 18. fxg6 fxg6 19. Nf7 Qe7 20. Nxe4 dxe4 21. bxc4 Rxc4 22. Rxc4 bxc4 23. h4 Bd5 24. Ng5 h6 25. Nh3 Qxh4 26. Nf4 Bf7 27. Qa4 Nf6 28. d5 Ng4 29. Nh3 Bxb2 30. Qd7 Nf6 31. Qc6 Bxd5 32. Qd6 Be5 33. Qxa6 Be6 34. Nf4 Bf7 35. Qc6 Qg3 36. Bxe4 Qxe3+ 37. Kh1 Qxe4 0-1


[Site "https://www.chess.com"]

[Event "Titled Tuesday Blitz August 22 Late 2023"]
[White "ProphetReborn"]
[Black "Nunez V, Gustavo Eduardo"]
[BlackFideId "4403690"]
[WhiteElo "2799"]
[BlackElo "2445"]
[Result "1-0"]
[Round "1"]
[TimeControl "180+1"]
[Date "2023.08.22"]
[WhiteClock "0:00:31"]
[BlackClock "0:00:25"]
[Board "70"]

1. e4 c5 2. Nf3 Nc6 3. d4 cxd4 4. Nxd4 e5 5. Nb5 a6 6. Nd6+ Bxd6 7. Qxd6 Qf6 8. Qxf6 Nxf6 9. Nc3 Nb4 10. Kd1 Ng4 11. Be3 O-O 12. Bc5 Nc6 13. f3 d6 14. Bb6 Nf6 15. Bc4 Be6 16. Bb3 Rfe8 17. Ke2 Re7 18. Rad1 Rd7 19. Rd2 Kf8 20. Rhd1 Ke7 21. Nd5+ Bxd5 22. exd5 Na7 23. Ba4 Nc8 24. Ba5 b5 25. Bb3 Rb8 26. a4 Nb6 27. axb5 axb5 28. Bb4 Nc4 29. Bxc4 bxc4 30. c3 Ra7 31. Kf2 Rba8 32. Re1 Kd7 33. g4 Ne8 34. f4 f6 35. Re4 Rc8 36. Kg3 g6 37. Re3 Nc7 38. Re4 f5 39. gxf5 gxf5 40. Ree2 e4 41. Kf2 Nb5 42. Ke3 Kc7 43. Rg2 Kb6 44. Rg5 Ra1 45. Rxf5 Re1+ 46. Re2 Rxe2+ 47. Kxe2 Rg8 48. Rg5 Rf8 49. Ke3 Rf7 50. Kxe4 Kc7 51. Kf3 Kd7 52. Rh5 Nc7 53. Rh6 Nxd5 54. Rxd6+ Kc7 55. Rxd5 Kc6 56. Rc5+ Kb6 57. Rxc4 Re7 58. Rd4 Re2 59. Kxe2 h5 60. f5 h4 61. Rxh4 Kb5 62. Re4 Ka4 63. Re3 Kb3 64. h4 Ka2 65. h5 Kb1 66. h6 Ka2 67. h7 Kb1 68. h8=Q Ka2 69. Qa8+ Kb1 70. f6 Kc2 71. Qa2 Kc1 72. Kd3 Kd1 73. Qb1# 1-0


[Site "https://www.chess.com"]

[Event "Titled Tuesday Blitz August 22 Late 2023"]
[White "Carroll, Thomas"]
[Black "Gorovets, Andrey"]
[WhiteFideId "450111"]
[BlackFideId "13504037"]
[WhiteElo "2443"]
[BlackElo "2797"]
[Result "0-1"]
[Round "1"]
[TimeControl "180+1"]
[Date "2023.08.22"]
[WhiteClock "0:00:13"]
[BlackClock "0:00:13"]
[Board "71"]

1. c4 c5 2. Nc3 g6 3. g3 Bg7 4. Bg2 Nc6 5. e3 e6 6. Nge2 Nge7 7. O-O O-O 8. a3 d5 9. cxd5 exd5 10. d4 c4 11. b3 Na5 12. bxc4 dxc4 13. Nf4 Rb8 14. Rb1 Nb3 15. a4 a6 16. Ba3 b5 17. axb5 axb5 18. Bb4 Bb7 19. Ne4 Re8 20. Nc5 Bxg2 21. Kxg2 Nd5 22. Nxb3 Nxb4 23. Nc5 Nd5 24. Nxd5 Qxd5+ 25. Qf3 Qd8 26. Qc6 Rb6 27. Qf3 Bf8 28. Rb2 b4 29. Rc1 c3 30. Rb3 Bxc5 31. dxc5 Rb8 32. Qf4 Qa5 33. c6 Rec8 34. Qc4 Qb6 35. Rcb1 Qxc6+ 36. Qxc6 Rxc6 37. Kf3 c2 38. Rc1 Rd8 39. Rb2 Rd2 40. e4 Rc3+ 41. Kg2 b3 42. h4 Kf8 43. h5 Ke7 44. hxg6 hxg6 45. g4 g5 46. Kh2 Rxf2+ 47. Kg1 Rd2 48. Kf1 Rd1+ 49. Rxd1 cxd1=Q+ 0-1


[Site "https://www.chess.com"]

[Event "Titled Tuesday Blitz August 22 Late 2023"]
[White "Beerdsen, Thomas"]
[Black "Tsyhanchuk, Stanislav"]
[WhiteFideId "1030108"]
[BlackFideId "13505130"]
[WhiteElo "2792"]
[BlackElo "2443"]
[Result "1-0"]
[Round "1"]
[TimeControl "180+1"]
[Date "2023.08.22"]
[WhiteClock "0:02:26"]
[BlackClock "0:00:01"]
[Board "72"]

1. e4 c5 2. Nf3 d6 3. d4 cxd4 4. Nxd4 Nf6 5. Nc3 a6 6. a3 e5 7. Nf5 Bxf5 8. exf5 Qc8 9. Bd3 Be7 10. O-O O-O 11. Bg5 Nbd7 12. Qf3 Qc6 13. Ne4 h6 14. Bh4 d5 15. Nxf6+ Bxf6 16. Bxf6 Nxf6 17. Qd1 Rfd8 18. c3 d4 19. cxd4 Rxd4 20. Qe2 Rad8 21. Rfd1 e4 22. Bc2 Qc5 23. Rxd4 Rxd4 24. Qe3 Nd5 25. Qe2 Nf4 26. Qe3 Nd3 27. Bxd3 exd3 28. Rd1 Qc2 29. Qd2 Re4 30. Kf1 Rd4 31. b4 Qc8 32. f6 Qf5 33. fxg7 Rd6 34. f3 Kxg7 35. Kf2 Kh7 36. Qe3 Qd5 37. Rd2 Qd4 38. Qxd4 Rxd4 39. Ke3 Rd6 40. Rxd3 Rg6 41. g4 Re6+ 42. Kf4 Kg6 43. Rd7 b5 44. h4 Rf6+ 45. Kg3 Rc6 46. h5+ Kf6 47. Ra7 Ke5 48. Rxf7 Kd4 49. f4 Kc3 50. g5 hxg5 51. fxg5 Kb3 52. Rf3+ Ka4 53. g6 Rxg6+ 54. hxg6 a5 55. bxa5 b4 56. axb4 1-0


[Site "https://www.chess.com"]

[Event "Titled Tuesday Blitz August 22 Late 2023"]
[White "Arencibia Monduy, Antonio"]
[Black "Riehle, Marco"]
[WhiteFideId "3507939"]
[BlackFideId "12904392"]
[WhiteElo "2442"]
[BlackElo "2789"]
[Result "1-0"]
[Round "1"]
[TimeControl "180+1"]
[Date "2023.08.22"]
[WhiteClock "0:00:09"]
[BlackClock "0:00:40"]
[Board "73"]

1. e4 e5 2. Bc4 Nf6 3. d3 c6 4. Nf3 b5 5. Bb3 d6 6. O-O Be7 7. c3 O-O 8. Nbd2 Be6 9. Re1 Bxb3 10. Qxb3 Nbd7 11. Nf1 Re8 12. Ng3 h6 13. d4 Bf8 14. a4 a6 15. axb5 axb5 16. Rxa8 Qxa8 17. h3 Qb7 18. Be3 exd4 19. Bxd4 c5 20. Bxf6 Nxf6 21. Qc2 g6 22. Qd3 Qc6 23. c4 bxc4 24. Qxc4 d5 25. exd5 Rxe1+ 26. Nxe1 Qxd5 27. Qc2 Bd6 28. Nf1 Be5 29. b3 Ne4 30. Nf3 Bd4 31. Ne3 Bxe3 32. fxe3 Kh7 33. Qc4 Qb7 34. Ne5 f6 35. Nd3 Nd2 36. Nxc5 Qe7 37. Qd4 h5 38. b4 Nb1 39. Ne4 Kg7 40. b5 Na3 41. b6 Nb5 42. Qc4 Nd6 43. Nxd6 Qxe3+ 44. Kh1 Qe1+ 45. Kh2 Qe5+ 46. Kg1 Qxd6 47. Qc7+ Qxc7 48. bxc7 Kh6 49. c8=Q f5 50. Qh8+ Kg5 51. Qd8+ Kh6 52. h4 f4 53. Qh8# 1-0


[Site "https://www.chess.com"]

[Event "Titled Tuesday Blitz August 22 Late 2023"]
[White "Diaz Camallonga, Carles"]
[Black "chessmateto"]
[WhiteFideId "22235256"]
[WhiteElo "2786"]
[BlackElo "2442"]
[Result "1-0"]
[Round "1"]
[TimeControl "180+1"]
[Date "2023.08.22"]
[WhiteClock "0:01:49"]
[BlackClock "0:00:49"]
[Board "74"]

1. e4 c6 2. Nc3 d5 3. Nf3 dxe4 4. Nxe4 Nf6 5. Qe2 Nxe4 6. Qxe4 Nd7 7. Bc4 Nf6 8. Ne5 e6 9. Qe2 b5 10. Bd3 Qd5 11. O-O Bd6 12. f4 O-O 13. a4 Bb7 14. Kh1 a6 15. b3 c5 16. Bb2 Rac8 17. c4 Bxe5 18. cxd5 Bxb2 19. Rab1 Bd4 20. dxe6 Rfe8 21. f5 Bd5 22. axb5 fxe6 23. Bc4 axb5 24. Bxd5 exd5 25. Qxb5 Re5 26. Rbe1 Rce8 27. Rxe5 Rxe5 28. b4 Ne4 29. g3 Nxd2 30. Rd1 Ne4 31. Rxd4 cxd4 32. Qb8+ Kf7 33. Qxe5 d3 34. Qxd5+ Kf6 35. Qxe4 d2 36. Qd4+ 1-0


[Site "https://www.chess.com"]

[Event "Titled Tuesday Blitz August 22 Late 2023"]
[White "Olsson, William"]
[Black "Kushko, Dmitriy"]
[WhiteFideId "1741721"]
[BlackFideId "14162261"]
[WhiteElo "2441"]
[BlackElo "2767"]
[Result "1-0"]
[Round "1"]
[TimeControl "180+1"]
[Date "2023.08.22"]
[WhiteClock "0:00:10"]
[BlackClock "0:00:00"]
[Board "75"]

1. c4 g6 2. g3 Bg7 3. Bg2 Nf6 4. Nc3 O-O 5. Nf3 d6 6. O-O e5 7. b4 Nc6 8. Rb1 Re8 9. d3 Nd4 10. Bg5 Ne6 11. Bxf6 Bxf6 12. Nd2 h5 13. h3 h4 14. b5 hxg3 15. fxg3 Bg7 16. e3 Qg5 17. Qf3 f5 18. h4 Qh6 19. Nd5 Bd7 20. Qf2 Rac8 21. e4 Nc5 22. Qe2 c6 23. bxc6 bxc6 24. Ne3 Rf8 25. Nb3 Nxb3 26. Rxb3 f4 27. Ng4 Qh5 28. Bf3 Qh7 29. Qg2 Rf7 30. Rb7 Be6 31. Rxf7 Bxf7 32. gxf4 exf4 33. Qh3 Kh8 34. Nf6 Bxf6 35. Qxc8+ Kg7 36. Qg4 Qxh4 37. Qxh4 Bxh4 38. Rb1 Kf6 39. Bg4 Ke5 40. Rb7 Be8 41. Rxa7 Kd4 42. Ra8 Bf7 43. Rf8 Ke3 44. Rxf7 g5 45. Rf6 Bg3 46. Rxd6 f3 47. Rxc6 f2+ 48. Kf1 Kxd3 49. a4 1-0


[Site "https://www.chess.com"]

[Event "Titled Tuesday Blitz August 22 Late 2023"]
[White "Schmakel, Sam"]
[Black "Pinto, Daniel"]
[WhiteFideId "2039311"]
[BlackFideId "3303144"]
[WhiteElo "2766"]
[BlackElo "2441"]
[Result "1/2-1/2"]
[Round "1"]
[TimeControl "180+1"]
[Date "2023.08.22"]
[WhiteClock "0:00:12"]
[BlackClock "0:00:10"]
[Board "76"]

1. d4 Nf6 2. c4 c5 3. d5 d6 4. Nc3 g6 5. e4 Bg7 6. h3 O-O 7. Bd3 e6 8. Nf3 exd5 9. exd5 Re8+ 10. Be3 Rxe3+ 11. fxe3 Qe7 12. e4 Nbd7 13. O-O Ne5 14. Nxe5 Qxe5 15. Qf3 Bd7 16. Rf2 Rf8 17. Raf1 a6 18. Qe3 h5 19. Qf4 Qxf4 20. Rxf4 Nh7 21. Ne2 Be5 22. R4f2 b5 23. b3 f6 24. Kh1 Kg7 25. Bc2 Rb8 26. Rb1 Ng5 27. Nf4 Nf7 28. Nd3 Bd4 29. Rff1 g5 30. a4 b4 31. Bd1 Rh8 32. Kh2 Ne5 33. Be2 g4 34. Nf4 Ng6 35. Nd3 Ne5 36. g3 Nxd3 37. Bxd3 Be5 38. Kg2 gxh3+ 39. Kf2 h4 40. g4 h2 41. Kf3 h3 42. Be2 Rh4 43. Rf2 a5 44. Rh1 Bxg4+ 45. Ke3 Bd4+ 46. Kf4 Bxf2 47. Bxg4 Kg6 48. Rxh2 Bd4 49. Rxh3 Be5+ 50. Kf3 Rxh3+ 51. Bxh3 Kg5 52. Bf5 Bd4 53. Be6 Be5 54. Bf5 Bd4 55. Be6 Be5 56. Bf5 1/2-1/2


[Site "https://www.chess.com"]

[Event "Titled Tuesday Blitz August 22 Late 2023"]
[White "Bochnicka, Vladimir"]
[Black "Adewumi, Tanitoluwa"]
[WhiteFideId "14943450"]
[BlackFideId "30966396"]
[WhiteElo "2439"]
[BlackElo "2758"]
[Result "0-1"]
[Round "1"]
[TimeControl "180+1"]
[Date "2023.08.22"]
[WhiteClock "0:00:05"]
[BlackClock "0:00:10"]
[Board "77"]

1. e4 c5 2. Nf3 e6 3. g3 Nc6 4. Bg2 Nf6 5. d3 d5 6. Qe2 Be7 7. e5 Nd7 8. c4 O-O 9. O-O f6 10. cxd5 exd5 11. Bf4 fxe5 12. Nxe5 Nd4 13. Bxd5+ Kh8 14. Qh5 Nxe5 15. Be4 Nef3+ 16. Bxf3 Rf5 17. Qg4 h5 18. Qg6 Nxf3+ 19. Kh1 Ne5 20. Bxe5 Rxe5 21. Nc3 Bg4 22. Rae1 Rxe1 23. Rxe1 Bf6 24. Kg2 Bxc3 25. bxc3 Qd5+ 26. Re4 Rf8 27. Kg1 Qxd3 28. h3 Qd1+ 29. Kg2 Bf3+ 0-1


[Site "https://www.chess.com"]

[Event "Titled Tuesday Blitz August 22 Late 2023"]
[White "Troff, Kayden"]
[Black "Zenin, Dmitry"]
[WhiteFideId "2047896"]
[BlackFideId "4127897"]
[WhiteElo "2753"]
[BlackElo "2437"]
[Result "1-0"]
[Round "1"]
[TimeControl "180+1"]
[Date "2023.08.22"]
[WhiteClock "0:01:23"]
[BlackClock "0:01:43"]
[Board "78"]

1. d4 Nf6 2. Nf3 g6 3. Bg5 Bg7 4. e3 d6 5. Bc4 c5 6. c3 cxd4 7. exd4 O-O 8. O-O d5 9. Bd3 Bg4 10. Nbd2 Nc6 11. h3 Bxf3 12. Nxf3 Qb6 13. Rb1 Rfe8 14. Re1 Qc7 15. Ne5 Nxe5 16. dxe5 Ne4 17. Bxe4 dxe4 18. e6 f6 19. Bh4 Rad8 20. Qa4 f5 21. Rbd1 Rd6 22. Qxe8+ 1-0


[Site "https://www.chess.com"]

[Event "Titled Tuesday Blitz August 22 Late 2023"]
[White "Avila Rodriguez, Joshua Ad"]
[Black "Wieczorek, Oskar"]
[WhiteFideId "5126444"]
[BlackFideId "1133950"]
[WhiteElo "2436"]
[BlackElo "2749"]
[Result "0-1"]
[Round "1"]
[TimeControl "180+1"]
[Date "2023.08.22"]
[WhiteClock "0:00:02"]
[BlackClock "0:02:08"]
[Board "79"]

1. e4 c5 2. Nf3 d6 3. d4 cxd4 4. Nxd4 Nf6 5. Nc3 Nc6 6. Bg5 Bd7 7. Nxc6 Bxc6 8. Bxf6 gxf6 9. Bb5 Qa5 10. Bxc6+ bxc6 11. Qd3 Rb8 12. b3 Rg8 13. g3 f5 14. O-O Bg7 15. b4 Qa3 16. Ne2 Qxd3 17. cxd3 Bxa1 18. Rxa1 fxe4 19. dxe4 Rxb4 20. f3 Kd7 21. Kf2 Rgb8 22. Ke3 Ra4 23. Nc3 Ra3 24. Kd3 e6 25. f4 d5 26. Re1 Rb4 27. exd5 cxd5 28. Kc2 Rc4 0-1


[Site "https://www.chess.com"]

[Event "Titled Tuesday Blitz August 22 Late 2023"]
[White "Ghazarian, Kirk"]
[Black "Salazar Farias, Luis German"]
[WhiteFideId "30908604"]
[BlackFideId "3902170"]
[WhiteElo "2748"]
[BlackElo "2436"]
[Result "1-0"]
[Round "1"]
[TimeControl "180+1"]
[Date "2023.08.22"]
[WhiteClock "0:00:26"]
[BlackClock "0:00:00"]
[Board "80"]

1. e4 c6 2. d3 d5 3. Nf3 Qc7 4. Nbd2 Bg4 5. h3 Bh5 6. g4 Bg6 7. Bg2 e6 8. O-O Nd7 9. Qe2 Bc5 10. d4 Bb6 11. c4 dxe4 12. Nxe4 Ngf6 13. Nxf6+ Nxf6 14. Bg5 a6 15. c5 Ba7 16. Ne5 O-O-O 17. Rad1 Bb8 18. Bf4 Qe7 19. Bg3 Nd5 20. Rfe1 Qf6 21. Qd2 h5 22. g5 Qe7 23. h4 Bf5 24. b4 f6 25. Nc4 Bxg3 26. fxg3 fxg5 27. Bxd5 cxd5 28. Nd6+ Rxd6 29. cxd6 Qxd6 30. Qxg5 Qxb4 31. Qxg7 Rf8 32. Qe5 Qc3 33. Rc1 Bc2 34. Qxe6+ Kb8 35. Qd6+ Ka7 36. Qc5+ Qxc5 37. dxc5 Be4 38. Rf1 Rg8 39. Kh2 a5 40. Rf7 1-0


[Site "https://www.chess.com"]

[Event "Titled Tuesday Blitz August 22 Late 2023"]
[White "Eggleston, Thomas A"]
[Black "Akobian, Varuzhan"]
[WhiteFideId "412139"]
[BlackFideId "13300580"]
[WhiteElo "2435"]
[BlackElo "2742"]
[Result "1-0"]
[Round "1"]
[TimeControl "180+1"]
[Date "2023.08.22"]
[WhiteClock "0:00:01"]
[BlackClock "0:00:05"]
[Board "81"]

1. e4 d6 2. d4 Nf6 3. Nc3 c6 4. a4 Qc7 5. Nf3 Bg4 6. Be2 e6 7. h3 Bh5 8. Bg5 Be7 9. O-O O-O 10. Nd2 Bxe2 11. Qxe2 h6 12. Be3 d5 13. e5 Nfd7 14. f4 f5 15. g4 c5 16. Nb5 Qd8 17. c3 a6 18. Na3 cxd4 19. cxd4 Nc6 20. Nc2 Rc8 21. Rac1 Qb6 22. b3 Nb4 23. Nxb4 Rc5 24. dxc5 Qxb4 25. Nf3 Nxc5 26. Nd4 Nxb3 27. Nxb3 Qxb3 28. Rb1 Qxa4 29. Rxb7 Bh4 30. Rc1 Qe4 31. Rcc7 fxg4 32. Rxg7+ Kh8 33. Rh7+ Qxh7 34. Rxh7+ Kxh7 35. hxg4 d4 36. Bd2 Rd8 37. Qxa6 Re8 38. Qd3+ Kg7 39. Qxd4 Rd8 40. Qc3 Kg6 41. Be3 Be7 42. Qc2+ Kg7 43. Qc4 Rd5 44. Qc6 Kf7 45. Kg2 Rd3 46. Kf3 Ra3 47. Ke4 Rb3 48. Bd4 Rb4 49. f5 exf5+ 50. gxf5 Bc5 51. Qe6+ Kg7 52. Qf6+ Kh7 53. Qg6+ Kh8 54. Qf6+ Kh7 55. Qf7+ Kh8 56. e6+ Rxd4+ 57. Kf3 Rd3+ 58. Kf4 Rd4+ 59. Kg3 Rd3+ 60. Kg4 Re3 61. Kf4 Re1 62. f6 Rf1+ 63. Ke4 Rg1 64. Kd5 Rg4 65. e7 Bxe7 66. fxe7 Rg8 67. Kd6 Re8 68. Qxe8+ 1-0


[Site "https://www.chess.com"]

[Event "Titled Tuesday Blitz August 22 Late 2023"]
[White "Leiva, Gianmarco"]
[Black "Baches Garcia, Guillermo"]
[WhiteFideId "3804399"]
[BlackFideId "2209764"]
[WhiteElo "2742"]
[BlackElo "2434"]
[Result "1-0"]
[Round "1"]
[TimeControl "180+1"]
[Date "2023.08.22"]
[WhiteClock "0:00:10"]
[BlackClock "0:00:00"]
[Board "82"]

1. e4 c5 2. Nf3 d6 3. Bb5+ Bd7 4. Bc4 Nc6 5. h3 Nf6 6. d3 e6 7. a3 d5 8. exd5 exd5 9. Ba2 Qe7+ 10. Qe2 Qxe2+ 11. Kxe2 O-O-O 12. Bg5 Be6 13. Nc3 h6 14. Bxf6 gxf6 15. Rhe1 Ne5 16. Nh4 h5 17. f4 Ng6 18. Nxg6 fxg6 19. Kf3 Bf7 20. g3 g5 21. f5 g4+ 22. hxg4 hxg4+ 23. Kg2 Bd6 24. Rh1 Be5 25. Rxh8 Rxh8 26. Bxd5 Bxc3 27. Bxf7 Bxb2 28. Re1 Be5 29. Re4 Kc7 30. Rxg4 Rh7 31. Bc4 Kc6 32. a4 a6 33. Rg6 b5 34. axb5+ axb5 35. Bb3 Kd6 36. g4 Rh2+ 37. Kf1 Rh3 38. Rg8 Rg3 39. Kf2 b4 40. Rg6 Ke7 41. Bd5 Rh3 42. Bg2 Rh8 43. g5 fxg5 44. Re6+ 1-0


[Site "https://www.chess.com"]

[Event "Titled Tuesday Blitz August 22 Late 2023"]
[White "Buchenau, Frank"]
[Black "Martinez Ramirez, Lennis"]
[WhiteFideId "4604350"]
[BlackFideId "3509079"]
[WhiteElo "2432"]
[BlackElo "2741"]
[Result "1-0"]
[Round "1"]
[TimeControl "180+1"]
[Date "2023.08.22"]
[WhiteClock "0:00:29"]
[BlackClock "0:00:14"]
[Board "83"]

1. e4 c5 2. Nf3 Nc6 3. Bb5 Na5 4. c3 a6 5. Be2 e6 6. d4 d5 7. exd5 exd5 8. dxc5 Nc6 9. Be3 Nf6 10. O-O Ng4 11. Bd4 Be7 12. Bxg7 Rg8 13. Bd4 Nf6 14. Re1 Bh3 15. g3 Ne4 16. Bf1 Qd7 17. Nbd2 Bxf1 18. Rxf1 Nxc5 19. Bxc5 Bxc5 20. Re1+ Kf8 21. Nb3 Ba7 22. Qd3 Rg6 23. Rad1 Rd8 24. Nh4 Rh6 25. Nd4 Qg4 26. Ndf5 Rf6 27. Kg2 d4 28. Qe4 Qxe4+ 29. Rxe4 dxc3 30. Rxd8+ Nxd8 31. bxc3 Rb6 32. Rb4 Rc6 33. c4 Bc5 34. Rb2 Ba3 35. Rd2 Ne6 36. Rd7 Rb6 37. Nf3 Ke8 38. Rd2 Bb2 39. c5 Nxc5 40. Nd6+ Kf8 41. Nc4 Rb4 42. Nxb2 b5 43. Nd3 Nxd3 44. Rxd3 Rb2 45. Ra3 Ke7 46. Rxa6 b4 47. Nd4 Rd2 48. Nc6+ Kd6 49. Nxb4+ Kc5 50. a3 Kb5 51. Ra7 f5 52. h4 h5 53. Rf7 Ka4 54. Rxf5 Kxa3 55. Nd5 Kb3 56. Nf4 Kc4 57. Nxh5 Rd8 58. Nf4 Rf8 59. Rxf8 1-0


[Site "https://www.chess.com"]

[Event "Titled Tuesday Blitz August 22 Late 2023"]
[White "Amburgy, Ryan"]
[Black "Dwilewicz, Katarzyna"]
[WhiteFideId "30924820"]
[BlackFideId "1148486"]
[WhiteElo "2741"]
[BlackElo "2429"]
[Result "1-0"]
[Round "1"]
[TimeControl "180+1"]
[Date "2023.08.22"]
[WhiteClock "0:00:15"]
[BlackClock "0:00:02"]
[Board "84"]

1. Nf3 b6 2. d4 Nf6 3. g3 Bb7 4. Bg2 g6 5. O-O Bg7 6. c4 O-O 7. Nc3 d5 8. Ne5 c6 9. b3 Nbd7 10. Bb2 Rc8 11. Rc1 e6 12. Nxd7 Qxd7 13. e4 dxe4 14. Nxe4 Nxe4 15. Bxe4 Rfd8 16. Qf3 Bxd4 17. Rfd1 e5 18. Bxd4 exd4 19. c5 b5 20. b4 Kg7 21. Rd2 f5 22. Bc2 Qd5 23. Qxd5 Rxd5 24. Bb3 Re5 25. Rxd4 Rce8 26. Kg2 R8e7 27. Rcd1 Bc8 28. Rd6 Re2 29. h4 f4 30. gxf4 R2e4 31. R1d4 Bf5 32. a3 h5 33. Rxe4 Bxe4+ 34. f3 Bf5 35. Rxc6 Re2+ 36. Kg3 Re3 37. Bd5 Rxa3 38. Rc7+ Kf8 39. c6 Rc3 40. Rxa7 Ke8 41. Rb7 Bd3 42. Be6 Bf5 43. Bxf5 gxf5 44. Rxb5 Rxc6 45. Rxf5 Rh6 46. Re5+ Kf7 47. f5 Rh8 48. b5 Kf6 49. Kf4 Rb8 50. Re6+ Kf7 51. b6 Rb7 52. Kg5 Rd7 53. Rc6 Rd5 54. Rc7+ Kf8 55. Kg6 Ke8 56. b7 1-0


[Site "https://www.chess.com"]

[Event "Titled Tuesday Blitz August 22 Late 2023"]
[White "Pein, Jonathan"]
[Black "Kuzmicz, Krystian"]
[WhiteFideId "417092"]
[BlackFideId "1119125"]
[WhiteElo "2428"]
[BlackElo "2738"]
[Result "0-1"]
[Round "1"]
[TimeControl "180+1"]
[Date "2023.08.22"]
[WhiteClock "0:00:03"]
[BlackClock "0:00:15"]
[Board "85"]

1. e4 c5 2. g3 d5 3. exd5 Qxd5 4. Nf3 Bg4 5. Bg2 Qe6+ 6. Kf1 Nc6 7. h3 Bh5 8. d3 Qd7 9. Na3 Nf6 10. Nc4 e6 11. g4 Bg6 12. Nfe5 Nxe5 13. Nxe5 Qc7 14. Bf4 Bd6 15. Nxg6 hxg6 16. Bxd6 Qxd6 17. Bxb7 Rb8 18. Qf3 O-O 19. b3 Nd7 20. Re1 Qd4 21. a4 Qc3 22. Re2 c4 23. dxc4 Qb2 24. Be4 Ne5 25. Qg3 Rfd8 26. Kg2 Qd4 27. h4 f5 28. gxf5 gxf5 29. Bf3 f4 30. Qh3 Rb6 31. Rhe1 Ng6 32. h5 Nf8 33. Re4 Qd2 34. R1e2 Qc1 35. h6 Rd1 36. Qh2 e5 37. Bh5 Rxh6 38. Rxe5 g6 39. Rg5 Kh8 40. Qh3 Rg1+ 41. Kf3 Rxg5 42. Qc8 Rf5 43. Ke4 Rhxh5 44. f3 Qa1 45. Qc5 Qf6 46. Qxf8+ Qxf8 47. Kd3 Qd6+ 48. Kc3 0-1


[Site "https://www.chess.com"]

[Event "Titled Tuesday Blitz August 22 Late 2023"]
[White "Dimitrov, Atanas"]
[Black "Shohat, Yotam"]
[WhiteFideId "2901315"]
[BlackFideId "2813955"]
[WhiteElo "2736"]
[BlackElo "2427"]
[Result "1-0"]
[Round "1"]
[TimeControl "180+1"]
[Date "2023.08.22"]
[WhiteClock "0:01:46"]
[BlackClock "0:01:01"]
[Board "86"]

1. Nf3 Nf6 2. c4 e6 3. Nc3 d5 4. e3 Nbd7 5. b3 c5 6. Bb2 Be7 7. Be2 O-O 8. O-O b6 9. cxd5 exd5 10. d4 Bb7 11. Rc1 a6 12. Qc2 Rc8 13. Rfd1 Ne4 14. dxc5 Ndxc5 15. Qb1 Bf6 16. Qa1 Nxc3 17. Bxc3 Bxc3 18. Rxc3 Ne4 19. Rxc8 Qxc8 20. Rc1 Qd7 21. Qd4 Qd6 22. h3 f6 23. Bd3 Re8 24. Rd1 Qa3 25. Qxb6 Ba8 26. Qxa6 Qb2 27. Bxe4 dxe4 28. Nd4 h6 29. Qa4 Rc8 30. Qd7 Rc1 31. Rxc1 Qxc1+ 32. Kh2 Qd2 33. Qe8+ Kh7 34. Qxa8 Qxf2 35. Qxe4+ 1-0


[Site "https://www.chess.com"]

[Event "Titled Tuesday Blitz August 22 Late 2023"]
[White "Santos, Marcus Vinicius Moreira"]
[Black "Suyarov, Mukhammadzokhid"]
[WhiteFideId "2103125"]
[BlackFideId "14210495"]
[WhiteElo "2427"]
[BlackElo "2734"]
[Result "1/2-1/2"]
[Round "1"]
[TimeControl "180+1"]
[Date "2023.08.22"]
[WhiteClock "0:00:38"]
[BlackClock "0:01:32"]
[Board "87"]

1. e4 e6 2. d4 d5 3. e5 c5 4. c3 Nc6 5. Nf3 Bd7 6. Be2 Nge7 7. O-O cxd4 8. cxd4 Nf5 9. Na3 Be7 10. Nc2 O-O 11. g4 Nh4 12. Nxh4 Bxh4 13. f4 Qb6 14. Rb1 f6 15. Be3 fxe5 16. fxe5 Nb4 17. Nxb4 Qxb4 18. Bd3 Bb5 19. a3 Qa5 20. Qe2 Bxd3 21. Qxd3 Be7 22. Rxf8+ Rxf8 23. Rf1 Qb6 24. Rxf8+ Bxf8 25. b4 Qc6 26. Bd2 b5 27. Qc3 Qc4 28. Qxc4 dxc4 29. Kf2 g6 30. Kf3 Kf7 31. Ke4 Ke7 32. d5 Kd7 33. d6 Kc6 34. g5 a6 35. h4 Bg7 36. Kd4 Bh8 37. Ke4 Bg7 38. Kd4 Bf8 39. Bc3 h5 40. Ke4 Kb6 41. Kd4 Bg7 42. Ke4 Kc6 43. Kd4 Bf8 44. Ke4 Bg7 45. Kd4 Bh8 46. Ke4 Kd7 47. Kd4 Kc6 48. Ke4 Bg7 1/2-1/2


[Site "https://www.chess.com"]

[Event "Titled Tuesday Blitz August 22 Late 2023"]
[White "Haydon, David L"]
[Black "Silva Lucena, Cristian"]
[WhiteFideId "415405"]
[BlackFideId "2232588"]
[WhiteElo "2732"]
[BlackElo "2425"]
[Result "1-0"]
[Round "1"]
[TimeControl "180+1"]
[Date "2023.08.22"]
[WhiteClock "0:01:01"]
[BlackClock "0:00:12"]
[Board "88"]

1. d4 Nf6 2. Nc3 d5 3. Bf4 g6 4. Nb5 Na6 5. e3 Bg7 6. Nf3 Ne4 7. c4 c6 8. Nc3 Qa5 9. Qc1 O-O 10. Be2 dxc4 11. Bxc4 b5 12. Bb3 Bg4 13. Ne5 Bxe5 14. Bxe5 Nb4 15. O-O Nd3 16. Qc2 Nxc3 17. Qxd3 Nd5 18. e4 Nb4 19. Qc3 c5 20. dxc5 Rac8 21. Qg3 Bd7 22. Bc3 Rxc5 23. a3 Rxc3 24. Qxc3 Nc6 25. Qxa5 Nxa5 26. Ba2 Bc6 27. f3 e5 28. Rac1 Bd7 29. Rc7 1-0


[Site "https://www.chess.com"]

[Event "Titled Tuesday Blitz August 22 Late 2023"]
[White "Biregina"]
[Black "Liyanage, Ranindu Dilshan"]
[BlackFideId "9915834"]
[WhiteElo "2422"]
[BlackElo "2725"]
[Result "0-1"]
[Round "1"]
[TimeControl "180+1"]
[Date "2023.08.22"]
[WhiteClock "0:00:00"]
[BlackClock "0:00:41"]
[Board "89"]

1. d4 g6 2. e4 Bg7 3. Nc3 d6 4. g3 Nd7 5. Bg2 a6 6. Nge2 e5 7. Be3 Ne7 8. Qd2 h6 9. O-O-O b5 10. f4 Nb6 11. b3 Bb7 12. fxe5 dxe5 13. d5 Nec8 14. Rhf1 Nd6 15. Bc5 O-O 16. Be3 Kh7 17. h4 b4 18. Nb1 a5 19. h5 g5 20. Bh3 Bc8 21. Bxc8 Qxc8 22. Bc5 Nd7 23. Bxd6 cxd6 24. Rf5 Nc5 25. Rdf1 a4 26. R1f3 axb3 27. axb3 g4 28. Re3 Nxe4 29. Rxe4 Qxf5 30. Qxb4 Rab8 31. Qa4 Qf1+ 32. Kb2 f5 33. Re3 f4 34. Qe4+ Kh8 35. Rc3 f3 36. Nc1 f2 37. Rc7 Qxc1+ 38. Kxc1 f1=Q+ 39. Kb2 Qf5 40. Qa4 e4+ 41. c3 e3 42. Qa7 Rxb3+ 43. Kxb3 Qxb1+ 44. Kc4 Qe4+ 45. Kb3 Qxd5+ 46. c4 Qd3+ 47. Kb4 Qb1+ 48. Ka5 Qa1+ 0-1


[Site "https://www.chess.com"]